 Dungeon Crawl Stone Soup version 0.30-a0-377-g5cb311bc9f (webtiles) character file.

Game seed: 10904367047715980129

506 KennySheep the Shooter (level 6, 0/52 HPs)
             Began as a Demigod Hunter on Nov 29, 2022.
             Slain by a wight
             ... wielding a +0 long sword
              (5 damage)
             ... on level 7 of the Dungeon.
             The game lasted 00:08:46 (3563 turns).

KennySheep the Shooter (Demigod Hunter)             Turns: 3563, Time: 00:08:47

Health: 0/52       AC:  4    Str: 20    XL:     6   Next: 64%
Magic:  8/8        EV: 16    Int: 11    God:
Gold:   188        SH:  0    Dex: 17    Spells: 5/5 levels left

rFire   . . .      SeeInvis .    b - +0 shortbow
rCold   . . .      Faith    .    (shield currently unavailable)
rNeg    . . .      Spirit   .    c - +0 leather armour
rPois   .          Reflect  .    (no helmet)
rElec   .          Harm     .    (no cloak)
rCorr   .          Rampage  .    m - +0 pair of gloves
Will    .....                    (no boots)
Stlth   ++........               (no amulet)
HPRegen 0.28/turn                e - +4 ring of evasion
MPRegen 0.11/turn                (no ring)

@: no status effects
A: high MP 1, forlorn, divine attributes
a: no special abilities


You were on level 7 of the Dungeon.
You visited 1 branch of the dungeon, and saw 5 of its levels.

You collected 188 gold pieces.

Inventory:

Hand Weapons
 a - a +0 hand axe
 b - a +0 shortbow (weapon)
Armour
 c - a +0 leather armour (worn)
 m - a +0 pair of gloves (worn)
Jewellery
 e - a +4 ring of evasion (left hand)
Wands
 l - a wand of digging (1)
 q - a wand of light (6)
 x - a wand of polymorph (11)
Scrolls
 f - 2 scrolls of noise
 i - a scroll of amnesia
 k - a scroll of silence
 o - a scroll of poison
 u - a scroll of immolation
Potions
 d - 4 potions of curing
 g - 2 potions of heal wounds
 h - a potion of cancellation {unknown}
 n - a potion of degeneration {unknown}
 p - a potion of haste {unknown}
 r - a potion of attraction
 t - a potion of lignification {unknown}
 v - a potion of flight {unknown}
 w - a potion of magic {unknown}


   Skills:
 + Level 4.0 Fighting
 + Level 3.4 Axes
 - Level 4.1 Ranged Weapons
 + Level 3.4 Armour
 - Level 1.7 Dodging
 - Level 0.8 Stealth


You had 5 spell levels left.
You didn't know any spells.
Your spell library contained the following spells:

 Spells                   Type           Power      Damage    Failure   Level
 Beastly Appendage        Tmut           0%         N/A       38%         1
 Sandblast                Erth           0%         2d4       38%         1
 Cigotuvi's Dreadful Rot  Necr/Pois/Air  0%         N/A       52%         2
 Passwall                 Tmut/Erth      0%         N/A       52%         2
 Poisonous Vapours        Pois/Air       0%         N/A       52%         2
 Wereblood                Tmut           0%         N/A       52%         2
 Ignite Poison            Fire/Tmut/Pois 0%         N/A       77%         3
 Kindle Blastsparks       Fire/Tloc/Air  0%         2d10      77%         3
 Mephitic Cloud           Conj/Pois/Air  0%         N/A       77%         3
 Ozocubu's Armour         Ice            0%         N/A       77%         3
 Spider Form              Tmut/Pois      0%         N/A       77%         3
 Stone Arrow              Conj/Erth      0%         3d7       77%         3
 Freezing Cloud           Conj/Ice/Air   0%         6-21      100%        5
 Metabolic Englaciation   Hex/Ice        0%         N/A       100%        5
 Simulacrum               Ice/Necr       0%         N/A       100%        6


Dungeon Overview and Level Annotations

Branches:
Dungeon (7/15)
 Temple: D:4-7

Shops:
D:1 ??[(

Annotations:
D:7 2 transporters, exclusion: hornet, Groverdextrious's ghost, novice OpFi


Innate Abilities, Weirdness & Mutations

You have an increased reservoir of magic. (+10% MP)
You shall have no god before yourself.
Your divine heritage dramatically boosts your attributes as you level up.


Message History

Okay, then.
As you read the scroll of magic mapping, it crumbles to dust.
You feel aware of your surroundings.
You sensed 3 altars.
An orc comes into view. It is wielding a +0 club.
The orc shouts!
You hear a shout!
You shoot an arrow. The arrow hits the orc.
The orc is almost dead.
You shoot an arrow. The arrow hits the orc.
You kill the orc!
The orc priest calls down the wrath of Beogh upon you.
Beogh smites you!
* * * LOW HITPOINT WARNING * * *
Fire: b) +0 shortbow
Press: ? - help, Q - select action, (/) - cycle Shift-Dir - straight line, f - orc priest
Aim: an orc priest, wielding a +0 club and wearing a +0 leather armour (64% to hit)
You shoot an arrow. The arrow hits the orc priest.
The orc priest is moderately wounded.
Fire: b) +0 shortbow
Press: ? - help, Q - select action, (/) - cycle Shift-Dir - straight line, f/p - orc priest
Aim: an orc priest, wielding a +0 club and wearing a +0 leather armour (moderately wounded, 64% to hit)
You shoot an arrow.
The arrow hits the orc priest but does no damage.
The orc priest is moderately wounded.
The orc closely misses you.
Fire: b) +0 shortbow
Press: ? - help, Q - select action, (/) - cycle Shift-Dir - straight line, f/p - orc priest
Aim: an orc priest, wielding a +0 club and wearing a +0 leather armour (moderately wounded, 64% to hit)
You shoot an arrow.
The arrow hits the orc priest but does no damage.
The orc priest is moderately wounded.
The orc completely misses you. The orc hits you with a +0 short sword.
* * * LOW HITPOINT WARNING * * *
Fire: b) +0 shortbow
Press: ? - help, Q - select action, (/) - cycle Shift-Dir - straight line, f/p - orc priest
Aim: an orc priest, wielding a +0 club and wearing a +0 leather armour (moderately wounded, 64% to hit)
You shoot an arrow. The arrow hits the orc priest.
The orc priest is severely wounded.
The orc barely misses you.
The wight hits you with a +0 long sword.
You die...

#...# *,,,,,,,,,,,,,,* ###.#
#........$..,,,* ###'#####
#...........,,,* ..z.....#
#...........,,,* ........#
#...........,,,* ........#
##...$.......,,,* ........#
#............,,** .....z..#
#............,,* ........#
#@.o.........,,* ........##
#oz..[.......,,* .........##
#...)........,,* ..........###
#............,,*
........#.o.####............,,*
........###....#............,,*
######### ####..............,,*
###########.###########*,***
#.........#..### *,,,,,,


You could see a wight, an orc priest and an orc.

Vanquished Creatures
  An ice beast (D:7)
  A black bear (D:3)
  A scorpion (D:7)
  A wight (D:7)
  A hound (D:3)
  An iguana (D:3)
  Ijyb (D:4)
  3 gnolls (D:2)
  2 adders
  A white imp (D:7)
  An ufetubus (D:3)
  A worm (D:2)
  3 dart slugs
  2 orcs (D:7)
  A bat (D:1)
  5 endoplasms
  3 giant cockroaches (D:1)
  A goblin (D:1)
  10 hobgoblins
  6 jackals
  6 kobolds
  5 quokkas
  7 ball pythons
  7 frilled lizards
  7 rats
78 creatures vanquished.

Vanquished Creatures (others)
  4 plants (D:2)
4 creatures vanquished.

Grand Total: 82 creatures vanquished

Notes
Turn   | Place    | Note
-------+----------+-------------------------------------------
     0 | D:1      | KennySheep the Demigod Hunter began the quest for the Orb.
     0 | D:1      | Reached XP level 1. HP: 17/17 MP: 3/3
    96 | D:1      | Found Hoicusae's Weapon Boutique.
   111 | D:1      | Found Archet's Armour Boutique.
   133 | D:1      | Reached XP level 2. HP: 24/24 MP: 4/4
   185 | D:1      | Found Zuxzyu's Magic Scroll Shoppe.
   250 | D:1      | Found Elotor's Magic Scroll Emporium.
   583 | D:1      | Reached XP level 3. HP: 29/29 MP: 5/5
   805 | D:2      | Reached skill level 1 in Axes
   805 | D:2      | Reached skill level 1 in Armour
  1093 | D:2      | Reached XP level 4. HP: 34/37 MP: 6/6
  2783 | D:4      | Noticed a black bear
  2797 | D:3      | Killed a black bear
  2798 | D:3      | Reached XP level 5. HP: 24/45 MP: 7/7
  3088 | D:4      | Noticed Ijyb
  3100 | D:4      | Killed Ijyb
  3118 | D:4      | You fall into a shaft and drop 3 floors!
  3131 | D:7      | Reached XP level 6. HP: 44/51 MP: 8/8
  3345 | D:7      | Noticed a hornet
  3354 | D:7      | Noticed Groverdextrious's ghost (novice OpFi)
  3354 | D:7      | Noticed a moth of wrath
  3409 | D:7      | Found a transporter.
  3412 | D:7      | Found a transporter.
  3563 | D:7      | Slain by a wight

Illustrated notes

Levels and vault maps discovered:
D:1:      eino_arrival_tree_alley, layout_basic, serial_shops, shop,
          nicolae_shop_waterfront, nicolae_shop_stone, shop_scrolls,
          minmay_tiny_reverse_x
D:2:      layout_basic, serial_co_window_serial, co_window_corner_a,
          co_window_paths_a, co_window_paths_a, co_window_paths_a,
          co_window_paths_a, co_window_corner_a, co_window_paths_a,
          co_window_paths_a, co_window_corner_a, co_window_cross_3,
          co_window_corner_ca, co_window_broadway_c, co_window_corner_cb,
          co_window_paths_c, co_window_paths_e, glass_columns_b, basic_altar,
          nicolae_grassy_gnolls
D:3:      layout_loops_corners, nicolae_overflow_hidden_temple, minivault_27
D:4:      layout_rooms, nemelex_altar_shiori,
          chequers_temple_overflow_statue_of_worship,
          minmay_temple_entry_large_hall, uniq_ijyb
D:7:      layout_basic, nicolae_ashenzari_skybound,
          gammafunk_temple_overflow_elements, gammafunk_ghost_wrathful_warriors

Skill      XL: |  1  2  3  4  5  6 |
---------------+-------------------+-----
Ranged Weapons | 4 |  4.1
Fighting       | 2 3 4 |  4.0
Axes           | 1 2 3 |  3.4
Armour         | 1 2 3 |  3.4
Dodging        | |  1.7
Stealth        | |  0.8

Action                   |  1- 3 |  4- 6 || total
-------------------------+-------+-------++-------
 Fire: Shortbow          |   150 |   153 ||   303
  Use: Scroll            |     3 |     6 ||     9
       Potion            |     1 |     1 ||     2
Armor: Leather armour    |    18 |    22 ||    40
Dodge: Dodged            |    43 |   107 ||   150

Table legend: (Time is in decaauts)
 A = Elapsed time spent in this place.
 B = Non-inter-level travel time spent in this place.
 C = Inter-level travel time spent in this place.
 D = Time resting spent in this place.
 E = Time spent auto-exploring this place.
 F = Levels seen in this place.
 G = Mean time per level.
                   A        B        C        D        E       F      G
               +--------+--------+--------+--------+--------+-----+--------+
         Total |   3660 |   3497 |    163 |    284 |   2516 |   5 |  732.0 |
       Dungeon |   3660 |   3497 |    163 |    284 |   2516 |   5 |  732.0 |
               +--------+--------+--------+--------+--------+-----+--------+

Top non-repeatable levels by time:
     D:2: 1292 daAuts
     D:3: 1031 daAuts
     D:1: 713 daAuts
     D:7: 458 daAuts
     D:4: 165 daAuts
